 Dungeon Crawl Stone Soup version 0.30.1-11-g7821555f0a (webtiles) character file.

Game seed: 9939886503743794709

1938 mteerie the Fighter (level 8, 0/80 HPs)
             Began as a Minotaur Berserker on Dec 1, 2023.
             Was a Priest of Trog.
             Slain by a killer bee (2 damage)
             ... on level 6 of the Dungeon on Dec 2, 2023.
             The game lasted 00:27:06 (7286 turns).

mteerie the Fighter (Minotaur Berserker)            Turns: 7286, Time: 00:27:07

Health: 0/80       AC:  9    Str: 25    XL:     8   Next: 97%
Magic:  7/7        EV:  9    Int:  4    God:    Trog [***...]
Gold:   357        SH:  0    Dex:  9    Spells: 7/7 levels left

rFire   . . .        p - +0 war axe (protect)
rCold   + . .        (no shield)
rNeg    . . .        r - +0 chain mail
rPois   .            (helmet restricted)
rElec   .            (no cloak)
rCorr   .            (no gloves)
SInv    .            D - +0 pair of boots
Will    ++...        (no amulet) Stlth
                     B - ring of protection from cold
HPRegen 1.33/turn    (no ring)
MPRegen 0.10/turn

%: no passive effects
@: lethally poisoned (0 -> -26), strong-willed, regenerating
A: horns 2, retaliatory headbutt
a: Renounce Religion, Berserk, Trog's Hand


You were on level 6 of the Dungeon.
You worshipped Trog.
Trog was most pleased with you.
You visited 1 branch of the dungeon, and saw 7 of its levels.

You collected 357 gold pieces.

Inventory:

Hand Weapons
 a - a +0 hand axe
 b - a +0 mace
 p - a +0 war axe of protection (weapon)
Missiles
 y - 4 poisoned darts (quivered)
Armour
 g - a +0 scale mail
 k - a +2 ring mail of cold resistance
 r - a +0 chain mail (worn)
 D - a +0 pair of boots (worn)
Jewellery
 i - a ring of fire
 B - a ring of protection from cold (left hand)
 C - a ring of fire
Wands
 c - a wand of flame (13)
 o - a wand of charming (11)
 u - a wand of iceblast (14)
 z - a wand of digging (7)
 E - a wand of light (9)
Scrolls
 e - 2 scrolls of magic mapping
 j - 3 scrolls of teleportation
 t - a scroll of blinking
 x - 3 scrolls of brand weapon
Potions
 d - a potion of heal wounds
 f - 2 potions of invisibility
 h - a potion of brilliance
 l - a potion of mutation {unknown}
 m - a potion of lignification {unknown}
 n - a potion of flight {unknown}
 q - 3 potions of attraction
 s - 2 potions of ambrosia {unknown}
 v - a potion of haste {unknown}
 w - a potion of might {unknown}


   Skills:
 * Level 10.4 Fighting
 * Level 9.3 Axes
 - Level 2.4 Armour
 - Level 2.1 Dodging
 + Level 3.6 Evocations


You had 7 spell levels left.
You didn't know any spells.
Your spell library was empty.

Dungeon Overview and Level Annotations

Branches:
Dungeon (7/15)
 Temple: D:4-7

Altars:
Kikubaaqudgha
Makhleb
Qazlal
Ru
Sif Muna
Uskayaw
Vehumet
Xom

Annotations:
D:7 Dowan, Duvessa


Innate Abilities, Weirdness & Mutations

You have a pair of horns on your head.
You reflexively headbutt those who attack you in melee.


Message History

You are more poisoned.
The killer bee poisons you! The gnoll hits you with a +0 club.
The killer bee closely misses you. The killer bee stings you.
You are more poisoned.
The killer bee poisons you!
The killer bee stings you but does no damage. x2
The gnoll bouda barks out a call to the hunt!
The gnolls pick up the pace!
The gnoll hits you with a +0 club!
There is a stone staircase leading up, spattered with blood here.
You feel extremely sick. The killer bee closely misses you.
The killer bee stings you. x2
The killer bee stings you but does no damage.
The killer bee closely misses you. The killer bee stings you.
The killer bee stings you but does no damage.
The killer bee completely misses you. The killer bee barely misses you.
You furiously retaliate!
You headbutt the killer bee. The killer bee stings you.
The gnoll closely misses you.
You climb upwards.
* * * LOW HITPOINT WARNING * * *
You feel extremely sick.
There is a stone staircase leading down here.
Your skin crawls.
You feel strong-willed.
You feel very sick. The killer bee barely misses you.
The killer bee stings you.
* * * LOW HITPOINT WARNING * * *
You are more poisoned.
The killer bee poisons you!
The killer bee stings you but does no damage.
The killer bee stings you.
* * * LOW HITPOINT WARNING * * *
You are more poisoned.
The killer bee poisons you! The killer bee stings you!
* * * LOW HITPOINT WARNING * * *
You are more poisoned.
The killer bee poisons you! The killer bee barely misses you.
The killer bee closely misses you. You furiously retaliate!
You headbutt the killer bee. The killer bee stings you.
You die...

#.#....#.........# ######...#.#
#......#######+### ##...##
####.......##...## ##.##
#.#.###.#.....## ### #.# ##.#.#
#........## ##.###.#
####....###.........####...##.###
.......[..'.........+............
###....####....gyy..####....#.###
#.#.## #....y@..## ##..###.##
#.#.#####.#..y.y## #.## ##.#
#.#.......##...## ##.###.##
#.###########'## #..#<### #.# #.#
#.#.#### #.# #.# #....... #.#
##.## ###.#### #.##########...##
#.# #...............# #.#


You could see 5 killer bees and a gnoll (swift).

Vanquished Creatures
  The ghost of bnorton916 the Magician, a novice DEFE of Sif Muna (D:4)
  Sigmund (D:4)
  A wyvern (D:6)
  3 ice beasts
  A sky beast (D:6)
  A black bear (D:6)
  An ogre (D:5)
  A phantom (D:6)
  3 scorpions
  3 hounds
  A water moccasin simulacrum (D:5)
  Terence (D:3)
  3 iguanas
  6 orc wizards (D:3)
  Ijyb (D:3)
  A bullfrog simulacrum (D:5)
  A centaur simulacrum (D:5)
  A killer bee simulacrum (D:5)
  6 adders
  2 white imps (D:5)
  2 ufetubi
  2 worms
  3 dart slugs
  3 orcs
  9 ball pythons
  9 endoplasms
  4 giant cockroaches
  7 hobgoblins
  2 jackals (D:1)
  7 kobolds
  5 quokkas
  6 bats
  4 frilled lizards
  11 goblins
  4 rats
117 creatures vanquished.

Notes
Turn   | Place    | Note
-------+----------+-------------------------------------------
     0 | D:1      | mteerie the Minotaur Berserker began the quest for the Orb.
     0 | D:1      | Reached XP level 1. HP: 19/19 MP: 0/0
   228 | D:1      | Reached skill level 4 in Fighting
   278 | D:1      | Reached XP level 2. HP: 27/27 MP: 1/1
   615 | D:1      | Reached ** piety under Trog
   654 | D:1      | Reached XP level 3. HP: 34/34 MP: 2/2
  1222 | D:2      | Found an ancient bone altar of Kikubaaqudgha.
  1312 | D:2      | Reached skill level 5 in Fighting
  1377 | D:2      | Found a faded altar of an unknown god.
  1552 | D:2      | Reached XP level 4. HP: 41/42 MP: 3/3
  2073 | D:3      | Noticed Ijyb
  2098 | D:3      | Killed Ijyb
  2099 | D:3      | Reached skill level 6 in Fighting
  2133 | D:3      | Noticed Terence
  2259 | D:3      | Killed Terence
  2260 | D:3      | Reached skill level 5 in Axes
  2260 | D:3      | Reached XP level 5. HP: 34/50 MP: 4/4
  2388 | D:3      | Found a stormy altar of Qazlal.
  2748 | D:3      | Found a shimmering blue altar of Sif Muna.
  2768 | D:3      | Reached skill level 7 in Fighting
  2768 | D:3      | Reached XP level 6. HP: 19/60 MP: 5/5
  2931 | D:3      | Found an ancient bone altar of Kikubaaqudgha.
  2939 | D:3      | Found a radiant altar of Vehumet.
  3169 | D:3      | Found a hide-covered altar of Uskayaw.
  3326 | D:4      | Reached *** piety under Trog
  3581 | D:4      | Found a burning altar of Makhleb.
  3581 | D:4      | Noticed an Executioner
  3593 | D:4      | Noticed a hellwing
  3593 | D:4      | Noticed an orange demon
  4144 | D:4      | Noticed Sigmund
  4156 | D:4      | Killed Sigmund
  4157 | D:4      | Reached skill level 8 in Fighting
  4157 | D:4      | Reached skill level 1 in Evocations
  4157 | D:4      | Reached XP level 7. HP: 67/68 MP: 6/6
  4762 | D:5      | Entered Level 5 of the Dungeon
  4875 | D:5      | Found a runed translucent gate.
  4904 | D:5      | Found a runed translucent gate.
  4904 | D:5      | Found a runed translucent gate.
  5343 | D:5      | Noticed bnorton916's ghost (novice DEFE)
  5450 | D:5      | Reached XP level 8. HP: 77/77 MP: 7/7
  5508 | D:5      | Reached skill level 9 in Fighting
  5581 | D:4      | Killed bnorton916's ghost
  5747 | D:5      | Found a shimmering altar of Xom.
  6171 | D:6      | Found a sacrificial altar of Ru.
  6691 | D:6      | Reached skill level 10 in Fighting
  6993 | D:7      | Noticed Duvessa
  6994 | D:7      | Noticed Dowan
  7286 | D:6      | HP: 2/80 [killer bee (7)]
  7286 | D:6      | Slain by a killer bee

Illustrated notes

Levels and vault maps discovered:
D:1:      amcnicky_arrival_feature_with_door, layout_basic, minmay_distorted
D:2:      layout_rooms, hellmonk_ecumenical_altar_slurped_away, basic_altar,
          serial_rivers, chequers_serial_rivers_room_a,
          chequers_serial_rivers_small_b, chequers_serial_rivers_large_a,
          chequers_serial_rivers_micro_b, chequers_serial_rivers_small_b,
          chequers_serial_rivers_small_a, minmay_goblin_outpost
D:3:      layout_basic, palyth_temple_overflow_mages,
          mainiacjoe_overflow_large_starburst,
          amcnicky_mini_rare_corridor_liquid, uniq_terence, uniq_ijyb
D:4:      layout_layer_cave, makhleb_altar_promises_db, uniq_sigmund
D:5:      cheibrodos_quashed, layout_cave_pools,
          mainiacjoe_overflow_concentric_impassable, gammafunk_ghost_icy
D:6:      layout_loops_corners, lemuel_round_altar
D:7:      layout_cave_pools, minmay_temple_entry_offerings, uniq_duvessa,
          uniq_joseph

Skill      XL: |  1  2  3  4  5  6  7  8 |
---------------+-------------------------+-----
Fighting       | 4 5 6 7 8 10 | 10.4
Axes           | 4 5 6 7 9 |  9.3
Evocations     | 1 2 3 |  3.6
Armour         | |  2.4
Dodging        | |  2.1

Action                     |  1- 3 |  4- 6 |  7- 9 || total
---------------------------+-------+-------+-------++-------
  Melee: Hand axe          |    90 |    46 |       ||   136
         Headbutt          |    15 |    22 |    15 ||    52
         Punch             |       |     2 |     2 ||     4
         War axe           |       |    90 |    91 ||   181
 Invoke: Berserk           |       |     1 |       ||     1
         Trog's Hand       |       |       |     1 ||     1
    Use: Scroll            |     4 |     3 |     6 ||    13
         Potion            |       |     2 |       ||     2
 Armour: Animal skin       |     3 |       |       ||     3
         Scale mail        |    31 |    15 |       ||    46
         Ring mail         |       |    34 |       ||    34
         Chain mail        |       |    14 |    56 ||    70
  Dodge: Dodged            |    54 |    63 |    57 ||   174
